AoeStats
← 17_Neo_

Black Forest

507392338Analyzed
3v3 RM · 14d ago on Sep 18, 2026· 77m 4s· 6 players
Game mode
Random Map
Map size
Normal (6 player)
Population
200
Speed
Normal
Resources
Standard
Victory
Conquest
Starting age
Dark Age
Ending age
Imperial Age
RankedLock teamsTeams togetherTeam positionsShared explorationLock speedFull tech treeHidden civsTurbo modeCheats
Victory
Defeat
🇨🇴 Turks · Colombia
1390
+15
🇨🇴 Bohemians · Colombia
1363
+17
🇨🇴 Goths · Colombia
1361
+17
🇯🇵 Mongols · Japan
1386
-17
🇺🇸 Teutons · United States
1382
-16
🇨🇦 Romans · Canada
1359
-16
17_Neo_
6:08 Loom
11:53 Feudal Age
13:04 Double-Bit Axe
13:25 Horse Collar
16:12 Castle Age
17:17 Wheelbarrow
23:13 Bow Saw
25:29 Hand Cart
25:22 Heavy Plow
26:08 Stone Mining
26:09 Gold Mining
29:52 Imperial Age
30:16 Padded Archer Armor
30:05 Elite Janissary
31:28 Leather Archer Armor
34:23 Ring Archer Armor
37:31 Artillery
39:32 Scale Barding Armor
43:34 Chain Barding Armor
43:24 Forging
44:11 Bloodlines
44:01 Husbandry
44:46 Caravan
51:15 Plate Barding Armor
52:07 Iron Casting
53:52 Conscription
58:08 Heavy Camel Rider
59:27 Coinage
Logan
1:25 Loom
12:06 Feudal Age
20:27 Wheelbarrow
25:45 Castle Age
35:51 Imperial Age
35:44 Wagenburg Tactics
36:40 Fortified Wall
40:09 Elite Hussite Wagon
43:33 Chemistry
42:54 Ballistics
42:41 Siege Engineers
45:28 Conscription
54:36 Double-Bit Axe
68:23 Pikeman
69:03 Squires
69:06 Scale Mail Armor
69:16 Forging
69:16 Halberdier
71:31 Chain Mail Armor
78:04 Iron Casting
RAGNAROK
10:53 Loom
12:56 Feudal Age
14:23 Wheelbarrow
17:23 Castle Age
16:06 Double-Bit Axe
16:02 Horse Collar
18:27 Hand Cart
26:56 Heavy Plow
30:48 Imperial Age
28:36 Bow Saw
28:29 Gold Mining
30:09 Scale Mail Armor
30:19 Forging
31:32 Anarchy
30:54 Pikeman
31:36 Squires
32:14 Chain Mail Armor
32:34 Iron Casting
33:07 Two-Man Saw
32:39 Crop Rotation
31:38 Halberdier
32:53 Conscription
32:33 Perfusion
32:39 Man-at-Arms
33:43 Long Swordsman
33:57 Two-Handed Swordsman
34:25 Champion
35:09 Caravan
36:21 Blast Furnace
36:48 Town Watch
41:58 Elite Huskarl
43:07 Sappers
58:57 Fletching
59:53 Coinage
59:35 Guilds
64:40 Bodkin Arrow
65:10 Ballistics
65:51 Chemistry
66:35 Banking
74:45 Bracer
74:49 Town Patrol
walnuth
0:44 Loom
11:25 Feudal Age
12:49 Fletching
13:50 Double-Bit Axe
21:20 Castle Age
19:15 Horse Collar
20:50 Bloodlines
20:48 Scale Barding Armor
25:28 Bow Saw
30:34 Wheelbarrow
30:44 Chain Barding Armor
30:56 Gold Mining
36:40 Imperial Age
35:35 Forging
37:25 Iron Casting
36:50 Capped Ram
38:06 Ironclad
39:43 Chemistry
38:30 Cavalier
40:34 Plate Barding Armor
43:10 Blast Furnace
42:39 Onager
43:48 Caravan
45:19 Paladin
49:31 Man-at-Arms
50:59 Scale Mail Armor
50:20 Long Swordsman
51:06 Two-Handed Swordsman
52:03 Gambesons
52:19 Squires
52:05 Arson
53:12 Champion
57:30 Hand Cart
59:07 Chain Mail Armor
60:19 Plate Mail Armor
63:39 Heavy Scorpion
70:57 Ballistics
71:35 Bombard Tower
76:16 Siege Engineers
Whitebear
6:39 Loom
11:21 Feudal Age
15:07 Castle Age
13:02 Double-Bit Axe
13:53 Horse Collar
15:58 Bow Saw
16:30 Wheelbarrow
15:47 Stone Mining
16:47 Gold Mining
20:51 Scale Mail Armor
25:29 Heavy Plow
25:46 Town Watch
25:48 Man-at-Arms
27:44 Long Swordsman
28:42 Chain Mail Armor
29:04 Squires
29:18 Forging
31:14 Gold Shaft Mining
34:55 Imperial Age
32:41 Hand Cart
32:27 Town Patrol
33:33 Iron Casting
32:51 Fletching
35:31 Bodkin Arrow
35:05 Legionary
36:09 Conscription
36:00 Ballistas
37:13 Caravan
38:53 Blast Furnace
37:53 Capped Ram
37:54 Heavy Scorpion
40:40 Chemistry
41:49 Fortified Wall
41:59 Ballistics
41:16 Capped Ram
42:49 Murder Holes
44:26 Crop Rotation
43:30 Siege Ram
44:24 Padded Archer Armor
45:32 Leather Archer Armor
46:57 Masonry
47:16 Comitatenses
47:28 Ring Archer Armor
48:49 Scale Barding Armor
48:23 Elite Centurion
50:11 Chain Barding Armor
51:12 Architecture
50:35 Guard Tower
52:41 Plate Barding Armor
54:30 Keep
54:01 Siege Engineers
55:19 Onager
56:37 Pikeman
58:04 Halberdier
Lan
10:48 Feudal Age
14:48 Castle Age
13:12 Double-Bit Axe
13:09 Horse Collar
16:05 Bow Saw
20:37 Heavy Plow
22:47 Wheelbarrow
23:29 Stone Mining
24:36 Gold Mining
28:50 Imperial Age
27:02 Gold Shaft Mining
26:25 Fletching
27:38 Stone Shaft Mining
27:03 Bodkin Arrow
27:33 Ballistics
27:37 Padded Archer Armor
28:01 Thumb Ring
28:43 Husbandry
28:53 Bloodlines
28:51 Elite Mangudai
29:46 Bracer
30:25 Hand Cart
29:57 Loom
30:37 Conscription
30:54 Leather Archer Armor
31:07 Parthian Tactics
31:53 Chemistry
30:23 Light Cavalry
31:14 Scale Barding Armor
31:53 Hussar
33:16 Chain Barding Armor
33:07 Forging
34:11 Capped Ram
38:05 Iron Casting
38:33 Siege Ram
44:09 Drill
43:11 Onager
46:31 Siege Onager
Connection lost

Rejoining the realm…

Still unreachable

The connection could not be restored.

Session expired

The server has moved on; the page needs a fresh start.